 Dungeon Crawl Stone Soup version 0.23-a0-484-g29ba69c (webtiles) character file.

1064 MisterFreud the Cudgeler (level 8, 0/46 HPs)
             Began as an Octopode Ice Elementalist on Nov 30, 2018.
             Was a Believer of Cheibriados.
             Succumbed to a killer bee's poison
             ... on level 7 of the Dungeon.
             The game lasted 00:14:12 (5533 turns).

MisterFreud the Cudgeler (OpIE)                     Turns: 5533, Time: 00:14:13

Health: 0/46       AC:  1    Str: 12    XL:     8   Next: 27%
Magic:  10/11      EV: 29    Int: 23    God:    Cheibriados [**....]
Gold:   286        SH:  0    Dex: 16    Spells: 3/11 levels left

rFire    x . .     SeeInvis .   p - +5 whip "Oxteatuc" {protect, MR+}
rCold    + . .     Gourm    .   (no shield)
rNeg     . . .     Faith    .   (helmet restricted)
rPois    .         Spirit   .   C - amulet of the acrobat
rElec    .         Reflect  .   h - ring of resist corrosion
rCorr    +         Harm     .   o - ring of protection from magic
MR       ++...                  u - ring of ice
Stlth    +++.......             z - ring of flight
HPRegen  0.15/turn              (no ring)
MPRegen  0.12/turn              (no ring)
                                (no ring)
                                (no ring)

@: lethally poisoned (0 -> -7), very slow
A: almost no armour, stealthy swim, amphibious, 8 rings, constrict 8, camouflage
1, gelatinous body 1
a: Bend Time, Renounce Religion, Evoke Flight


You were on level 7 of the Dungeon.
You worshipped Cheibriados.
Cheibriados was pleased with you.
You were not hungry.

You visited 2 branches of the dungeon, and saw 8 of its levels.

You collected 286 gold pieces.

Inventory:

Hand Weapons
 p - the +5 whip "Oxteatuc" (weapon) {protect, MR+}
   (You found it on level 4 of the Dungeon)

   It protects the one who uses it against injury (+AC on strike).
   It affects your resistance to hostile enchantments.
 q - a +4 whip
Missiles
 d - 120 sling bullets
 k - 50 arrows
 l - a tomahawk of returning
 m - 232 stones (quivered)
 s - 14 poisoned needles
 t - 21 bolts
 w - 4 needles of sleeping
Jewellery
 h - a ring of resist corrosion (left tentacle)
 o - a ring of protection from magic (right tentacle)
 u - a ring of ice (on tentacle)
 x - an uncursed amulet of magic regeneration
 z - a ring of flight (on tentacle)
 C - an amulet of the acrobat (around mantle)
Wands
 y - a wand of clouds (5)
Scrolls
 a - a scroll of remove curse
 c - a scroll of enchant weapon
 e - 3 scrolls of identify
 f - 2 scrolls of enchant armour {unknown}
 g - 2 scrolls of magic mapping {unknown}
 j - 6 scrolls of teleportation
 n - a scroll of immolation {unknown}
 r - a scroll of fear {unknown}
Potions
 i - 2 potions of agility
 v - 2 potions of brilliance
 A - a potion of mutation
 B - a potion of magic
Comestibles
 b - 11 rations


   Skills:
 + Level 6.5 Maces & Flails
 - Level 2.0 Dodging
 - Level 2.6 Stealth
 - Level 2.0 Spellcasting
   Level 1.0 Conjurations
 - Level 5.0 Charms
 - Level 5.0 Ice Magic


You had 3 spell levels left.
You knew the following spells:

 Your Spells              Type           Power        Failure   Level  Hunger
a - Freeze                Ice            ####         1%          1    #......
b - Ozocubu's Armour      Chrm/Ice       #####...     4%          3    ###....
c - Ice Form              Ice/Tmut       ###.....     41%         4    #####..

Your spell library contained the following spells:

 Spells                   Type           Power        Failure   Level  Hunger
 Throw Frost              Conj/Ice       ###...       5%          2    ##.....
 Beastly Appendage        Tmut           #.....       13%         1    #......
 Sticks to Snakes         Tmut           #.......     19%         2    ##.....
 Spider Form              Tmut/Pois      #.........   36%         3    ###....
 Throw Icicle             Conj/Ice       ###.....     36%         4    #####..
 Summon Ice Beast         Ice/Summ       ###.....     41%         4    #####..
 Blade Hands              Tmut           #.........   98%         5    ######.


Dungeon Overview and Level Annotations

Branches:
Dungeon (7/15)             Temple (1/1) D:4

Altars:
Ashenzari
Cheibriados
Dithmenos
Elyvilon
Gozag
Hepliaklqana
Kikubaaqudgha
Makhleb
Nemelex Xobeh
Okawaru
Qazlal
Ru
Sif Muna
Trog
Uskayaw
Vehumet
Wu Jian
Xom
Yredelemnul
Zin
The Shining One


Innate Abilities, Weirdness & Mutations

You cannot wear most types of armour.
You are very stealthy in the water. (Stealth+)
You are amphibious.
You can wear up to eight rings at the same time.
You can use your tentacles to constrict eight enemies at once.
Your skin changes colour to match your surroundings (Stealth+).
Your rubbery body absorbs attacks. (AC +1, EV +1)


Message History

You feel sick. The killer bee closely misses you.
The bullfrog completely misses you. The killer bee closely misses you.
The bullfrog completely misses you. The killer bee stings you.
* * * LOW HITPOINT WARNING * * *
Your surroundings suddenly seem different.
* * * LOW HITPOINT WARNING * * *
You feel sick.
Unknown command.
Okay, then.
Unknown command.
Okay, then.
Unknown command.
Unknown command.
As you read the scroll labeled WUORONEGHIM, it crumbles to dust.
You feel blessed for a moment.
It was a scroll of remove curse.
* * * LOW HITPOINT WARNING * * *
You feel sick.
* * * LOW HITPOINT WARNING * * *
You feel sick.
You die...

#......# #.......#
#......####.......# .
#.................# .
#.................# .
#.................#
.#####......####.......#
.....#......# #.......#
.#..........####.......#
.#.####.........@......#
....# #..........#######
.#..# #....>.....#
.##.#####.........
.#...........#####
..............
............
#....####### #....#


There were no monsters in sight!

Vanquished Creatures
  A phantom (D:5)
  An ogre (D:5)
  A centaur (D:6)
  3 scorpions
  A killer bee (D:7)
  A bullfrog zombie (D:6)
  2 crimson imps
  A hound (D:4)
  A jelly (D:5)
  An orc priest (D:5)
  A centaur skeleton (D:6)
  3 orc wizards
  5 worker ants
  2 gnolls (D:2)
  6 adders
  3 shadow imps (D:5)
  An adder zombie (D:5)
  2 worms
  4 leopard geckos
  17 orcs
  8 giant cockroaches
  5 goblins
  6 hobgoblins
  4 jackals
  5 kobolds
  3 quokkas
  3 ball pythons
  8 bats
  3 frilled lizards
  A jackal skeleton (D:6)
  6 rats
109 creatures vanquished.

Notes
Turn   | Place    | Note
-------+----------+-------------------------------------------
     0 | D:1      | MisterFreud the Octopode Ice Elementalist began the quest
                  | for the Orb.
     0 | D:1      | Reached XP level 1. HP: 11/11 MP: 3/3
   146 | D:1      | Reached XP level 2. HP: 12/17 MP: 3/5
   868 | D:2      | Reached XP level 3. HP: 19/21 MP: 6/6
  1875 | D:1      | Learned a level 3 spell: Ozocubu's Armour
  2288 | D:3      | Reached XP level 4. HP: 24/27 MP: 7/7
  2526 | D:3      | Reached skill level 5 in Ice Magic
  2802 | D:3      | Reached skill level 1 in Charms
  3161 | D:4      | Reached XP level 5. HP: 29/31 MP: 3/8
  3420 | D:4      | Got an iridescent whip
  3421 | D:4      | Identified the +5 whip "Oxteatuc" {protect, MR+} (You found
                  | it on level 4 of the Dungeon)
  3482 | D:4      | Reached XP level 6. HP: 34/36 MP: 0/9
  3498 | D:4      | Found a staircase to the Ecumenical Temple.
  3509 | Temple   | Entered the Ecumenical Temple
  3634 | Temple   | Became a worshipper of Cheibriados the Contemplative
  3945 | D:4      | Reached skill level 5 in Charms
  3947 | D:4      | Reached skill level 1 in Maces & Flails
  4056 | D:5      | Entered Level 5 of the Dungeon
  4146 | D:5      | Reached * piety under Cheibriados
  4237 | D:5      | Reached skill level 2 in Maces & Flails
  4237 | D:5      | Reached XP level 7. HP: 41/41 MP: 6/10
  4322 | D:5      | Reached skill level 3 in Maces & Flails
  4563 | D:5      | Reached skill level 4 in Maces & Flails
  4922 | D:6      | Reached skill level 5 in Maces & Flails
  4938 | D:6      | Reached XP level 8. HP: 43/46 MP: 11/11
  5046 | D:6      | Reached ** piety under Cheibriados
  5126 | D:6      | Reached skill level 6 in Maces & Flails
  5257 | D:6      | Learned a level 4 spell: Ice Form
  5530 | D:7      | HP: 2/46 [poisoned by a killer bee]
  5533 | D:7      | Succumbed to a killer bee's poison

Vault maps used:
D:1:      scummos_arrival_star
D:2:      first_ration
D:3:      minivault_27
D:4:      minmay_temple_entry_hall
Temple:   kilobyte_greek_temple

Skill      XL: |  1  2  3  4  5  6  7  8 |
---------------+-------------------------+-----
Ice Magic      | 4 5 |  5.0
Charms         | 2 4 5 |  5.0
Maces & Flails | 2 5 6 |  6.5
Dodging        | |  2.0
Stealth        | |  2.6
Spellcasting   | |  2.0
Conjurations   | |  1.0

Action                   |  1- 3 |  4- 6 |  7- 9 || total
-------------------------+-------+-------+-------++-------
Melee: Unarmed           |    63 |    20 |       ||    83
       Constrict         |    24 |    29 |    19 ||    72
       Tentacles         |    12 |    17 |    18 ||    47
       Whip              |       |   100 |    97 ||   197
 Cast: Freeze            |    23 |    16 |     3 ||    42
       Ozocubu's Armour  |       |    17 |    12 ||    29
       Ice Form          |       |       |     1 ||     1
  Use: Potion            |       |     4 |       ||     4
       Scroll            |       |     2 |     5 ||     7
 Stab: Sleeping          |    11 |     9 |     4 ||    24
  Eat: Chunk             |     1 |     9 |     3 ||    13
       Ration            |     1 |       |       ||     1
Armor: Skin              |     6 |    33 |    24 ||    63
Dodge: Dodged            |    53 |    80 |    75 ||   208

Table legend:
 A = Non-vault XP
 B = Vault XP
 C = Vault XP percentage of total XP
 D = Non-vault monster count
 E = Vault monster count
 F = Vault count percentage of total count
                 A         B        C        D         E       F
            +---------+---------+-------+---------+---------+-------
      Total |    1521 |       0 |   0.0 |     109 |       0 |   0.0
            +---------+---------+-------+---------+---------+-------
        D:1 |      30 |       0 |   0.0 |      18 |       0 |   0.0
        D:2 |      51 |       0 |   0.0 |      14 |       0 |   0.0
        D:3 |      66 |       0 |   0.0 |      21 |       0 |   0.0
        D:4 |     403 |       0 |   0.0 |      20 |       0 |   0.0
        D:5 |     460 |       0 |   0.0 |      17 |       0 |   0.0
        D:6 |     448 |       0 |   0.0 |      18 |       0 |   0.0
        D:7 |      63 |       0 |   0.0 |       1 |       0 |   0.0
            +---------+---------+-------+---------+---------+-------
